Map: Abyssal Reef LE

Players

Arnovic - Winner!

  • Race: Protoss Protoss
  • Spawn Location: 5:00

MperorM

  • Race: Terran Terran
  • Spawn Location: 11:00

Event: WCS Valencia 2017

VOD

Have the link to the VOD?

Description

Time

  • Played on: July 13, 2017, 7:54 a.m.
  • Length: 11:10

All games in this series

Show
View Real Time Build Order
Export as new Build Order

Arnovic Protoss - Winner!

Build Orders: 1 Gate Expand 

Get SALT Encoding   

  12  0:00  Probe (Chrono Boost)  
  13  0:11  Probe (Chrono Boost)  
  14  0:19  Pylon  
  14  0:22  Probe (Chrono Boost)  
  15  0:37  Probe (Chrono Boost)  
  15  0:38  Gateway  
  16  0:47  Probe (Chrono Boost)  
  16  0:48  Assimilator  
  17  0:58  Probe (Chrono Boost)  
  18  1:08  Probe (Chrono Boost)  
  19  1:22  Nexus  
  19  1:24  Probe (Chrono Boost)  
  20  1:35  Cybernetics Core  
  20  1:38  Probe (Chrono Boost)  
  21  1:49  Probe (Chrono Boost)  
  21  1:50  Pylon  
  22  1:57  Assimilator  
  22  2:00  Probe (Chrono Boost)  
  23  2:12  Mothership Core (Chrono Boost)  
  23  2:13  Adept (Chrono Boost)  
  27  2:27  Warp Gate  
  27  2:30  Probe (Chrono Boost)  
  27  2:36  Probe  
  28  2:37  Pylon  
  28  2:39  Pylon  
  28  2:42  Adept (Chrono Boost)  
  31  2:47  Pylon  
  31  3:00  Probe  
  31  3:13  Stargate  
  31  3:27  Probe (Chrono Boost)  
  31  3:31  Adept (Chrono Boost)  
  32  3:49  Probe (Chrono Boost)  
  32  3:51  Gateway  
  32  3:53  Probe (Chrono Boost)  
  32  3:54  Gateway  
  32  3:59  Probe (Chrono Boost)  
  32  4:00  Oracle (Chrono Boost)  
  36  4:04  Probe  
  37  4:19  Probe  
  37  4:20  Probe  
  37  4:23  Pylon  
  39  4:29  Probe  
  39  4:30  Adept  
  42  4:32  Probe, Phoenix (Chrono Boost)  
  45  4:40  Probe  
  45  4:45  Probe  
  47  4:50  Probe  
  47  4:51  Pylon  
  48  4:56  Phoenix (Chrono Boost)  
  48  4:58  Probe  
  51  5:04  Probe  
  52  5:14  Probe x2  
  50  5:25  Probe  
  50  5:26  Probe, Twilight Council  
  52  5:28  Forge  
  52  5:29  Pylon  
  52  5:31  Pylon  
  52  5:35  Assimilator, Adept x3  
  56  5:36  Assimilator  
  56  5:39  Probe  
  59  5:45  Pylon  
  59  5:50  Pylon  
  59  5:52  Phoenix (Chrono Boost)  
  59  5:54  Pylon  
  61  6:00  Resonating Glaives  
  61  6:10  Protoss Ground Weapons Level 1 (Chrono Boost)  
  61  6:16  Nexus  
  61  6:17  Phoenix (Chrono Boost)  
  63  6:19  Pylon  
  63  6:20  Pylon  
  61  6:32  Probe  
  62  6:36  Probe  
  63  6:41  Gateway  
  63  6:42  Gateway  
  63  6:44  Probe  
  64  6:51  Adept  
  64  6:52  Adept x2  
  66  6:56  Probe  
  67  7:03  Probe  
  67  7:04  Pylon  
  67  7:06  Gateway  
  68  7:10  Robotics Facility  
  68  7:13  Gateway  
  68  7:15  Sentry x2  
  72  7:16  Probe x2  
  72  7:21  Adept  
  76  7:28  Probe x2  
  78  7:34  Probe  
  77  7:40  Probe  
  77  7:41  Probe  
  73  7:45  Probe  
  73  7:46  Pylon  
  73  7:47  Adept x5  
  84  7:52  Probe  
  84  7:53  Protoss Ground Armor Level 1 (Chrono Boost), Probe  
  84  7:55  Probe  
  87  8:00  Warp Prism (Chrono Boost)  
  87  8:02  Pylon  
  89  8:14  Adept x5  
  89  8:15  Probe  
  89  8:16  Probe  
  98  8:29  Probe  
  98  8:31  Adept x2  
  103  8:34  Sentry  
  103  8:35  Sentry, Adept x3  
  103  8:38  Probe  
  106  9:09  Adept x7  
  112  9:11  Probe  
  112  9:12  Nexus  
  112  9:13  Pylon  
  105  9:20  Probe  
  105  9:21  Assimilator  
  105  9:22  Pylon, Assimilator  
  105  9:23  Probe  
  105  9:25  Robotics Bay  
  105  9:27  Robotics Facility  
  101  9:36  Adept x7  
  111  9:48  Pylon  
  111  9:49  Pylon  
  109  9:58  Adept x4  
  111  10:08  Probe  
  112  10:23  Probe  
  113  10:34  Probe  
  113  10:35  Gateway  
  120  10:44  Stalker x6  
  120  10:45  Stalker  
  130  10:57  Forge, Pylon  
  130  11:03  Pylon  
  124  11:07  Photon Cannon  
  124  11:08  Pylon  
Show
View Real Time Build Order
Export as new Build Order

MperorM Terran 

Build Orders: Reaper Expand, MMM Bio 

Get SALT Encoding   

  12  0:00  SCV  
  13  0:12  SCV  
  14  0:17  Supply Depot  
  14  0:24  SCV  
  15  0:38  SCV  
  15  0:40  Barracks  
  16  0:44  Refinery  
  16  0:50  SCV  
  17  1:02  SCV  
  18  1:15  SCV  
  19  1:27  Orbital Command  
  19  1:28  Reaper  
  20  1:44  Command Center  
  20  1:54  Barracks  
  20  1:59  SCV  
  20  2:02  Barracks Reactor  
  20  2:11  SCV  
  20  2:12  Supply Depot  
  21  2:21  Barracks  
  21  2:24  SCV  
  22  2:34  Engineering Bay  
  22  2:39  SCV, Marine  
  24  2:55  Marine  
  24  2:57  Marine  
  26  3:05  Barracks Tech Lab  
  26  3:07  SCV  
  27  3:14  Marine  
  28  3:24  Marine x2  
  23  3:32  Marine  
  24  3:34  SCV  
  24  3:43  Stimpack  
  22  3:51  Marine  
  22  3:54  SCV  
  22  3:55  SCV  
  23  4:02  Marine x2  
  25  4:08  Terran Infantry Weapons Level 1  
  25  4:14  Marauder  
  27  4:21  Barracks Tech Lab, Marine  
  27  4:22  Marine  
  29  4:24  SCV  
  30  4:31  Orbital Command  
  31  4:39  Marine  
  31  4:41  Combat Shields  
  31  4:44  Marauder  
  33  4:46  SCV  
  33  4:49  Marine  
  35  4:56  Marauder  
  35  4:58  Supply Depot  
  37  5:02  SCV  
  38  5:13  SCV  
  38  5:17  Missile Turret  
  38  5:20  Marine x4  
  40  5:28  Missile Turret  
  37  5:30  SCV  
  37  5:33  SCV  
  39  5:40  Factory  
  39  5:43  SCV  
  39  5:45  SCV  
  41  5:51  Marauder  
  41  5:55  Marauder, Marine  
  46  6:02  SCV  
  46  6:03  Marine  
  46  6:07  SCV  
  41  6:14  Refinery  
  41  6:15  SCV  
  40  6:23  Marine  
  40  6:24  Marauder x2, Marine  
  44  6:27  SCV x2  
  44  6:31  Starport  
  44  6:35  Factory Reactor  
  44  6:39  SCV  
  46  6:40  SCV, Refinery  
  46  6:47  Marine  
  46  6:49  Marine  
  46  6:55  Supply Depot  
  46  6:56  Terran Infantry Armor Level 1  
  46  7:09  Command Center  
  46  7:17  Medivac  
  46  7:20  SCV x2  
  50  7:23  Medivac  
  50  7:27  Marine x2  
  52  7:40  Marauder x2, SCV  
  52  7:41  SCV  
  50  7:46  Factory Reactor  
  50  7:50  Supply Depot  
  48  7:52  SCV, Marine  
  48  7:53  SCV  
  48  7:58  Marine  
  52  8:05  SCV  
  53  8:11  SCV, Medivac  
  53  8:12  Marauder x2  
  60  8:13  Supply Depot  
  60  8:18  Engineering Bay  
  60  8:21  Armory  
  60  8:23  SCV  
  60  8:25  SCV  
  62  8:29  Marine x2  
  62  8:33  Widow Mine  
  66  8:35  SCV, Widow Mine  
  66  8:37  SCV  
  66  8:40  Orbital Command  
  70  8:48  SCV  
  71  8:49  SCV  
  61  9:08  Marine x2  
  61  9:09  Marauder x2, SCV  
  58  9:10  SCV x2  
  49  9:24  SCV  
  43  9:25  SCV, Barracks x2  
  43  9:26  Marine  
  43  9:28  SCV  
  42  9:36  SCV  
  42  9:37  SCV  
  41  9:40  Marine x3, SCV  
  41  9:42  Widow Mine x2  
  41  9:44  Liberator  
  44  9:48  SCV  
  44  9:50  SCV  
  41  9:53  Marine  
  41  9:56  SCV  
  41  10:03  Marine  
  41  10:04  Marauder x2  
  41  10:05  SCV  
  44  10:11  Marine, Widow Mine  
  44  10:13  SCV x2  
  47  10:15  Widow Mine  
  47  10:18  SCV  
  47  10:20  Barracks Reactor  
  44  10:21  Marine  
  44  10:25  SCV  
  38  10:30  Marauder, Marine  
  35  10:39  SCV  
  33  10:45  SCV  
  30  10:51  Marine  
  30  10:56  SCV  
  24  11:04  Barracks Reactor  
Tags
 
Add a new tag
Caveats
  • Supply blocks, unpowered buildings, or Contaminate may cause inaccurate times.
  • Supply counts are checked every 10 seconds.